 Dungeon Crawl Stone Soup version 0.32-a0-86-g8db1b9f803 (webtiles) character file.

Game seed: 11812482988955896024

36 LobsterGuardian the Vexing (level 3, -1/26 HPs)
             Began as a Barachi Hexslinger on Feb 6, 2024.
             Slain by Sigmund
             ... wielding a +1 scythe of freezing
              (2 damage)
             ... on level 2 of the Dungeon.
             The game lasted 00:02:46 (966 turns).

LobsterGuardian the Vexing (Barachi Hexslinger)      Turns: 966, Time: 00:02:46

Health: -1/26      AC:  3    Str:  9    XL:     3   Next: 37%
Magic:  1/4        EV: 12    Int: 13    God:
Gold:   30         SH:  0    Dex: 16    Spells: 2/4 levels left

rFire   . . .        a - +1 sling (elec)
rCold   . . .        (no shield)
rNeg    . . .        c - +0 robe
rPois   .            (no helmet)
rElec   .            e - +0 cloak
rCorr   .            (no gloves)
SInv    .            (no boots)
Will    .....        (no amulet)
Stlth   +            (no ring)
HPRegen 0.24/turn    (no ring)
MPRegen 0.09/turn

%: no passive effects
@: weak-willed, slow
A: amphibious, slowness 1, strong legs 1, +LOS
a: Hop


You were on level 2 of the Dungeon.
You visited 1 branch of the dungeon, and saw 2 of its levels.

You collected 30 gold pieces.

Inventory:

Hand Weapons
 a - a +1 sling of electrocution (weapon)
Armour
 c - a +0 robe (worn)
 e - a +0 cloak (worn)
Scrolls
 b - a scroll of poison


   Skills:
 + Level 1.5 Fighting
 * Level 3.1 Ranged Weapons
 + Level 2.1 Dodging
 + Level 1.1 Spellcasting
 * Level 3.8 Hexes
 - Level 1.1 Fire Magic


You had 2 spell levels left.
You knew the following spells:

 Your Spells              Type           Power      Damage    Failure   Level
a - Jinxbite              Hex            20%        N/A       9%          2

Your spell library contained the following spells:

 Spells                   Type           Power      Damage    Failure   Level
 Sigil of Binding         Hex            10%        N/A       17%         3
 Inner Flame              Hex/Fire       7%         N/A       30%         3
 Cause Fear               Hex            5%         N/A       50%         4
 Dimensional Bullseye     Hex/Tloc       2%         N/A       77%         4


Dungeon Overview and Level Annotations

Branches:
Dungeon (2/15)

Altars:
Wu Jian

Shops:
D:2 **

Annotations:
D:2 Sigmund


Innate Abilities, Weirdness & Mutations

You are amphibious.
You cover ground slowly.
You can hop short distances.
You have an extended range of vision and can be seen from far away.


Message History

Sigmund is nearby!
You beckon some vexing sprites to accompany your attacks.
You feel your willpower being sapped.
You shoot a sling bullet.
The sling bullet closely misses Sigmund.
A giggling sprite leaps out and makes Sigmund trip over his own feet.
Sigmund is moderately wounded.
You shoot a sling bullet. The sling bullet barely misses Sigmund.
A giggling sprite leaps out and makes Sigmund trip over his own feet.
Sigmund is moderately wounded.
The jinxing sprites lose interest in you.
Sigmund gestures at you while chanting. The puff of flame misses you.
Unknown command.
You beckon some vexing sprites to accompany your attacks.
You feel your willpower being sapped.
Sigmund casts a spell.
Sigmund flickers and vanishes!
Deactivating autopickup; reactivate with Ctrl-A.
You shoot a sling bullet. You shoot a sling bullet.
The sprites lose interest in your situation.
You hear some strange, mumbled words.
Something tries to affect you, but you resist.
A puff of flame appears from out of thin air!
The puff of flame hits you.
Unknown command.
You shoot a sling bullet.
Unknown command.
You shoot a sling bullet. Something hits you! Something freezes you.
* * * LOW HITPOINT WARNING * * *
Unknown command.
You shoot a sling bullet. Something hits you but does no damage.
Unknown command.
You aren't carrying any potions.
Okay, then.
You shoot a sling bullet. Something hits you.
* * * LOW HITPOINT WARNING * * *
Something freezes you.
You die...

#.. .## ... ..
#.# .# ##.##.#
#.....# #
###....##.####
+............
#....#..#
#..@.{∩.#
#.####### #.#
#+# #.# #.#
#.#
#.#######.#
##.##......#
##...#.######
#......#


There were no monsters in sight!

Vanquished Creatures
  2 dart slugs (D:1)
  5 ball pythons
  2 bats (D:1)
  An endoplasm (D:1)
  3 giant cockroaches (D:1)
  2 goblins (D:1)
  4 hobgoblins
  A quokka (D:1)
  A frilled lizard (D:2)
  4 kobolds (D:1)
  5 rats (D:1)
30 creatures vanquished.

Notes
Turn   | Place    | Note
-------+----------+-------------------------------------------
     0 | D:1      | LobsterGuardian the Barachi Hexslinger began the quest for
                  | the Orb.
     0 | D:1      | Reached XP level 1. HP: 15/15 MP: 2/2
   113 | D:1      | Reached XP level 2. HP: 21/21 MP: 3/3
   348 | D:1      | Learned a level 2 spell: Jinxbite
   413 | D:1      | Reached XP level 3. HP: 26/26 MP: 4/4
   754 | D:2      | Found an ornate altar of the Wu Jian Council.
   838 | D:2      | Found Wuwa's General Store.
   953 | D:2      | Found Goca's Assorted Antiques.
   956 | D:2      | Noticed Sigmund
   966 | D:2      | HP: 1/26 [something (4)]
   966 | D:2      | Slain by Sigmund

Illustrated notes

Levels and vault maps discovered:
D:1:      minmay_arrival_statue_studded, layout_loops_ring
D:2:      layout_loops_corners, basic_altar, serial_shops, shop,
          nicolae_shop_real_fake_doors, shop, uniq_sigmund

Skill      XL: |  1  2  3 |
---------------+----------+-----
Ranged Weapons | 3 |  3.1
Fighting       | |  1.5
Dodging        | |  2.1
Spellcasting   | |  1.1
Hexes          | |  3.8
Fire Magic     | |  1.1

Action                     || total
---------------------------++-------
   Fire: Sling             ||    79
   Cast: Jinxbite          ||     3
    Use: Scroll            ||     1
 Armour: Robe              ||    17
  Dodge: Dodged            ||    16

Table legend: (Time is in decaauts)
 A = Elapsed time spent in this place.
 B = Non-inter-level travel time spent in this place.
 C = Inter-level travel time spent in this place.
 D = Time resting spent in this place.
 E = Time spent auto-exploring this place.
 F = Levels seen in this place.
 G = Mean time per level.
                   A        B        C        D        E       F      G
               +--------+--------+--------+--------+--------+-----+--------+
         Total |   1143 |   1136 |      7 |      0 |    964 |   2 |  571.5 |
       Dungeon |   1143 |   1136 |      7 |      0 |    964 |   2 |  571.5 |
               +--------+--------+--------+--------+--------+-----+--------+

Top non-repeatable levels by time:
     D:1: 866 daAuts
     D:2: 276 daAuts
